 Dungeon Sprint DCSS version 0.20-a0-251-g16a58bf (webtiles) character file.

37 Dfrag the Shield-Bearer (level 3, -1/36 HPs)
             Began as a Deep Dwarf Fighter on Nov 30, 2016.
             Was a Follower of Makhleb.
             Slain by an ogre
             ... wielding a +0 giant club
              (21 damage)
             ... in the Dungeon (Sprint VII: "The Pits").
             The game lasted 00:00:42 (108 turns).

Dfrag the Shield-Bearer (Deep Dwarf Fighter)         Turns: 108, Time: 00:00:43

Health: -1/36      AC:  3    Str: 19    XL:     3   Next: 21%
Magic:  3/3        EV:  7    Int:  8    God:    Makhleb [*.....]
Gold:   0          SH: 10    Dex: 13    Spells: 2/2 levels left

rFire  . . .     SeeInvis .     s - +2 hand axe
rCold  . . .     Gourm    .     b - +0 scale mail
rNeg   . . .     Faith    .     c - +0 shield
rPois  .         Spirit   .     (no helmet)
rElec  .         Reflect  .     (no cloak)
rCorr  .         Harm     .     (no gloves)
MR     .....     NoTele   +     (no boots)
Stlth  ..........               (no amulet)
                                (no ring)
                                (no ring)

@: corroded, non-regenerating
A: damage resistance, recharge devices, sense surroundings 1, slow regeneration
3
a: Device Recharging, Renounce Religion


You were in the Dungeon.
You worshipped Makhleb.
Makhleb was aware of your devotion.
You were not hungry.

You visited 1 branch

Inventory:

Hand Weapons
 a - a +0 war axe
 s - a +2 hand axe (weapon)
Armour
 b - a +0 scale mail (worn)
 c - a +0 shield (worn)
Wands
 e - a wand of heal wounds (4/9)
Scrolls
 l - a scroll of blinking
 n - 3 scrolls of remove curse
 o - 5 scrolls of amnesia
 p - a scroll of summoning
Potions
 d - a potion of might
 g - a potion of curing
 h - a potion of heal wounds
 i - a potion of haste
 j - 4 potions of magic
 k - 3 potions of berserk rage
 m - 2 potions of invisibility
Comestibles
 f - 8 bread rations
 q - 40 fruits
 r - 7 meat rations


   Skills:
 + Level 3.9 Fighting
 + Level 4.0 Axes
 + Level 4.8 Armour
 + Level 4.8 Shields


You had 2 spell levels left.
You didn't know any spells.

Dungeon Overview and Level Annotations

Branches:
Dungeon (1/1)

Altars:
Ashenzari
Cheibriados
Dithmenos
Elyvilon
Fedhas
Gozag
Hepliaklqana
Kikubaaqudgha
Makhleb
Nemelex Xobeh
Okawaru
Qazlal
Ru
Sif Muna
Trog
Uskayaw
Vehumet
Xom
Yredelemnul
Zin
The Shining One
Beogh
Jiyva
Lugonu


Innate Abilities, Weirdness & Mutations

You are resistant to damage.
You can recharge devices by infusing magical energy.
You passively map a small area around you.
You do not regenerate.


Message History

You barely miss the ogre. The ogre barely misses you.
The gnoll hits you from afar with a spear.
The ufetubus barely misses you. x2
Unknown command.
You miss the ufetubus.
The ufetubus is moderately wounded.
You hit the ogre. You block the ufetubus's attack.
The ufetubus hits you but does no damage.
The gnoll hits you from afar with a spear.
The ogre hits you with a giant club!
* * * LOW HITPOINT WARNING * * *
The ufetubus barely misses you. x2
Evoke which item? (* to show all) (? for menu, Esc to quit)
Zapping:
e - a wand of heal wounds (5/9)
Press: ? - help, Shift-Dir - straight line, f - you You feel much better.
This wand has 4 charges left.
The ufetubus hits you. You block the ufetubus's attack.
You block the gnoll's attack. The ogre hits you with a giant club!!
Ouch! That really hurt!
You die...

#.# #.#
*####'###
#.# ,+.# ,
#.......
#.# ### ,
#.......
#.#
#.......
#.# ,, *+
#...<...
#.# , ,
#.......
#.#,,,,
*#.......
#'#######
#.......
#.O@5g..#
########
#.###...#,
#.#,, ..#
* , #.# ,
.# ,,
#..,, #,
#.. * + ,
, #.., * ,
## * *


You could see an ogre, a gnoll and an ufetubus.

Vanquished Creatures
  A jelly (D)
  An ufetubus (D)
  A leopard gecko (D)
  A quokka (D)
4 creatures vanquished.

Notes
Turn   | Place    | Note
-------+----------+-------------------------------------------
     0 | D        | Dfrag the Deep Dwarf Fighter began the quest for the Orb.
     0 | D        | Reached XP level 1. HP: 20/20 MP: 1/1
    26 | D        | Found a radiant altar of Vehumet.
    26 | D        | Found a hide-covered altar of Uskayaw.
    26 | D        | Found an ancient bone altar of Kikubaaqudgha.
    26 | D        | Found a viscous altar of Jiyva.
    26 | D        | Found a hazy altar of Hepliaklqana.
    27 | D        | Found a bloodstained altar of Trog.
    27 | D        | Found a deep blue altar of Sif Muna.
    27 | D        | Found a sacrificial altar of Ru.
    27 | D        | Found a stormy altar of Qazlal.
    27 | D        | Found an iron altar of Okawaru.
    27 | D        | Found a sparkling altar of Nemelex Xobeh.
    27 | D        | Found an opulent altar of Gozag.
    27 | D        | Found a blossoming altar of Fedhas.
    27 | D        | Found a white marble altar of Elyvilon.
    27 | D        | Found a shadowy altar of Dithmenos.
    27 | D        | Found a snail-covered altar of Cheibriados.
    28 | D        | Found a burning altar of Makhleb.
    28 | D        | Found a glowing golden altar of the Shining One.
    28 | D        | Found a glowing silver altar of Zin.
    28 | D        | Found a basalt altar of Yredelemnul.
    28 | D        | Found a roughly hewn altar of Beogh.
    29 | D        | Found a corrupted altar of Lugonu.
    29 | D        | Found a shimmering altar of Xom.
    29 | D        | Found a shattered altar of Ashenzari.
    36 | D        | Became a worshipper of Makhleb the Destroyer
    41 | D        | Reached XP level 2. HP: 21/28 MP: 2/2
    99 | D        | Noticed an ogre
   104 | D        | Reached * piety under Makhleb
   104 | D        | Reached XP level 3. HP: 18/36 MP: 3/3
   107 | D        | HP: 1/36 [ogre/giant club (14)]
   108 | D        | Slain by an ogre

Vault maps used:
D:        pitsprint

Skill      XL: |  1  2 |
---------------+-------+-----
Fighting       | 3 |  3.9
Axes           | 3 4 |  4.0
Shields        | 4 |  4.8
Armour         | 4 |  4.8

Action                   || total
-------------------------++-------
Melee: War axe           ||     9
       Hand axe          ||     6
Evoke: Wand              ||     1
Armor: Scale mail        ||    15
Dodge: Dodged            ||    18
Block: Shield            ||    20
